AoeStats
← BigCozy101

MegaRandom

510436911Analyzed
2v2 RM · 2d ago on Oct 1, 2026· 23m 49s· 4 players
Game mode
Random Map
Map size
Medium (4 player)
Population
200
Speed
Normal
Resources
Standard
Victory
Conquest
Starting age
Dark Age
Ending age
Imperial Age
RankedLock teamsTeams togetherTeam positionsShared explorationLock speedFull tech treeHidden civsTurbo modeCheats
Victory
Defeat
🇦🇷 Portuguese · Argentina
740
+12
🇦🇷 Gurjaras · Argentina
646
+16
🇺🇸 Malians · United States
705
-26
🇺🇸 Romans · United States
610
-12
Jazzbum
16:24 Feudal Age
18:35 Man-at-Arms
BigCozy101
16:08 Feudal Age
18:40 Man-at-Arms
19:51 Horse Collar
21:09 Loom
andres.gonzgonz
12:12 Loom
15:57 Feudal Age
17:37 Double-Bit Axe
17:39 Town Watch
17:59 Fletching
19:21 Padded Archer Armor
samonsuarez
10:11 Loom
14:49 Feudal Age
15:18 Horse Collar
16:37 Man-at-Arms
20:14 Bloodlines
20:38 Gold Mining
20:36 Double-Bit Axe
22:23 Forging
22:22 Scale Barding Armor
23:59 Scale Mail Armor
Connection lost

Rejoining the realm…

Still unreachable

The connection could not be restored.

Session expired

The server has moved on; the page needs a fresh start.